[Event "Titled Tuesday Blitz July 11 Late 2023"]
[White "Antipov, Mikhail Al."]
[Black "Sarana, Alexey"]
[WhiteFideId "4107012"]
[BlackFideId "24133795"]
[WhiteElo "2921"]
[BlackElo "3060"]
[Result "0-1"]
[Round "7"]
[TimeControl "180+2"]
[Date "2023.07.11"]
[WhiteClock "0:00:02"]
[BlackClock "0:00:03"]
[Board "3"]

1. e4 c5 2. Nf3 d6 3. d4 cxd4 4. Nxd4 Nf6 5. Nc3 a6 6. Be3 e5 7. Nb3 Be6 8. f3 Nbd7 9. Qd2 b5 10. g4 Qc7 11. g5 Nh5 12. O-O-O Be7 13. Kb1 Nb6 14. Na5 O-O 15. Bxb6 Qxb6 16. Nd5 Bxd5 17. exd5 Nf4 18. h4 f6 19. Nc6 Rae8 20. Bh3 Qc7 21. Rdg1 g6 22. Bf1 fxg5 23. hxg5 Rf5 24. Qh2 Bxg5 25. a4 bxa4 26. Bxa6 Bf6 27. c3 Rh5 28. Qc2 Qb6 29. Qxa4 Ra8 30. Nb4 Qf2 31. Qc6 Rf8 32. Qxd6 Rh2 33. Rxh2 Qxg1+ 34. Ka2 Qxh2 35. Bc4 Qf2 36. Qc7 Ra8+ 37. Kb3 Qa7 38. d6+ Kh8 39. Qc6 Rb8 40. d7 Kg7 41. Qc8 Qb6 42. Kc2 Qd8 43. Qc6 Rb6 44. Qc8 Rd6 45. Bb5 Qb6 46. c4 Qf2+ 47. Kb3 Nd3 48. c5 Qxb2+ 49. Kc4 Qxb4# 0-1


[Site "https://www.chess.com"]

[Event "Titled Tuesday Blitz July 11 Late 2023"]
[White "Svane, Rasmus"]
[Black "Carlsen, Magnus"]
[WhiteFideId "4657101"]
[BlackFideId "1503014"]
[WhiteElo "2965"]
[BlackElo "3275"]
[Result "0-1"]
[Round "7"]
[TimeControl "180+2"]
[Date "2023.07.11"]
[WhiteClock "0:00:02"]
[BlackClock "0:00:02"]
[Board "4"]

1. Nf3 g6 2. e4 c5 3. c4 Bg7 4. d4 d6 5. d5 e6 6. Bd3 exd5 7. exd5 Ne7 8. O-O O-O 9. Re1 Bg4 10. Nbd2 Nd7 11. h3 Ne5 12. Be2 Bxf3 13. Nxf3 Nf5 14. Nxe5 Bxe5 15. Bd3 Nd4 16. Bh6 Re8 17. Qd2 Qd7 18. Re4 f5 19. Ree1 b5 20. cxb5 Nxb5 21. Bxb5 Qxb5 22. Rab1 Qa4 23. b3 Qd4 24. Qxd4 Bxd4 25. Bf4 Rad8 26. Kf1 Be5 27. Bg5 Rc8 28. Re2 Kg7 29. f4 Bc3 30. Be7 Be5 31. fxe5 Rxe7 32. exd6 Rxe2 33. Kxe2 Kf6 34. Rc1 Ke5 35. d7 Rd8 36. Rxc5 Rxd7 37. Ra5 Ke4 38. d6 g5 39. g4 f4 40. Rxg5 f3+ 41. Ke1 Rxd6 42. Rg7 Kf4 43. Rxh7 Kg3 44. Rf7 Ra6 45. g5 Re6+ 46. Kd2 f2 47. g6 Rxg6 48. Ke2 Re6+ 49. Kd2 a5 50. Rg7+ Kxh3 51. Rh7+ Kg2 52. Rg7+ Kf1 53. a3 Re2+ 54. Kd1 Re3 55. b4 Rxa3 56. bxa5 Rxa5 57. Kd2 Rd5+ 58. Ke3 Ke1 59. Ra7 f1=Q 60. Ra1+ Rd1 61. Ra2 0-1


[Site "https://www.chess.com"]

[Event "Titled Tuesday Blitz July 11 Late 2023"]
[White "Nakamura, Hikaru"]
[Black "Keymer, Vincent"]
[WhiteFideId "2016192"]
[BlackFideId "12940690"]
[WhiteElo "3234"]
[BlackElo "2930"]
[Result "1-0"]
[Round "7"]
[TimeControl "180+2"]
[Date "2023.07.11"]
[WhiteClock "0:00:31"]
[BlackClock "0:00:00"]
[Board "5"]

1. a3 Nf6 2. d4 d5 3. Nf3 Bf5 4. c4 e6 5. e3 c6 6. Bd3 Bg6 7. Bxg6 hxg6 8. Nbd2 Nbd7 9. Qc2 Bd6 10. b3 a5 11. Bb2 O-O 12. O-O Qe7 13. e4 dxe4 14. Nxe4 Nxe4 15. Qxe4 a4 16. b4 Nf6 17. Qe2 Rab8 18. Ne5 Rfc8 19. Rac1 Nd7 20. Rfe1 Nxe5 21. dxe5 Bc7 22. Rc3 Rd8 23. Qc2 Qg5 24. Rce3 Qf5 25. Qe2 Rd7 26. h3 Rbd8 27. g4 Qf4 28. Bc3 Bb6 29. Rf3 Qg5 30. Kg2 Bd4 31. Bd2 Qe7 32. Bc1 Ba7 33. h4 Rd4 34. Kh3 Qd7 35. Be3 Rd2 36. Bxd2 Qxd2 37. Qxd2 Rxd2 38. c5 Bb8 39. Kg2 Kf8 40. Re4 Ke7 41. Ref4 1-0


[Site "https://www.chess.com"]

[Event "Titled Tuesday Blitz July 11 Late 2023"]
[White "Grigoriants, Sergey"]
[Black "Caruana, Fabiano"]
[WhiteFideId "4130804"]
[BlackFideId "2020009"]
[WhiteElo "2929"]
[BlackElo "3111"]
[Result "0-1"]
[Round "7"]
[TimeControl "180+2"]
[Date "2023.07.11"]
[WhiteClock "0:00:55"]
[BlackClock "0:01:28"]
[Board "6"]

1. d4 Nf6 2. c4 e6 3. g3 d5 4. Bg2 dxc4 5. Nf3 a6 6. O-O Nc6 7. Bg5 Be7 8. e3 Bd7 9. Qe2 b5 10. b3 cxb3 11. axb3 O-O 12. Nbd2 Nd5 13. Bxe7 Qxe7 14. Rfc1 Rfb8 15. Ne4 Be8 16. Nc5 a5 17. e4 Ndb4 18. Rd1 Nxd4 19. Nxd4 Qxc5 20. e5 Ra6 21. Rac1 Qe7 22. f4 c5 23. Nf3 h6 24. Nd2 a4 25. Ne4 axb3 26. Nxc5 Ra2 27. Qe3 b2 28. Rb1 Nc2 29. Qf2 Na3 0-1


[Site "https://www.chess.com"]

[Event "Titled Tuesday Blitz July 11 Late 2023"]
[White "Martinez Alcantara, Jose Eduardo"]
[Black "Ibarra Jerez, Jose Carlos"]
[WhiteFideId "3805662"]
[BlackFideId "2226332"]
[WhiteElo "3016"]
[BlackElo "2927"]
[Result "1-0"]
[Round "7"]
[TimeControl "180+2"]
[Date "2023.07.11"]
[WhiteClock "0:00:10"]
[BlackClock "0:00:00"]
[Board "7"]

1. e4 d5 2. exd5 Qxd5 3. Nc3 Qd8 4. d4 Nf6 5. Bc4 a6 6. a4 Bg4 7. Nf3 e6 8. h3 Bxf3 9. Qxf3 c6 10. Ne2 a5 11. c3 Nbd7 12. O-O Bd6 13. Ng3 O-O 14. Be3 Re8 15. Rad1 Qc7 16. Bg5 h6 17. Bc1 Rad8 18. Bb3 c5 19. Ne2 e5 20. Ng3 e4 21. Qe3 c4 22. Bc2 Nd5 23. Qe2 Bxg3 24. fxg3 Qxg3 25. Qxc4 N7f6 26. Rde1 e3 27. Qe2 Nf4 28. Rxf4 Qxf4 29. Bxe3 Qg3 30. Qf2 Qxf2+ 31. Kxf2 Nd5 32. Bd2 Rxe1 33. Kxe1 Re8+ 34. Kf2 h5 35. Kf3 g6 36. Be4 Rd8 37. c4 Nf6 38. Bxb7 Rxd4 39. Bc3 Rd7 40. Bc6 Rd6 41. Bb5 Nd7 42. Bxa5 Ne5+ 43. Ke4 f6 44. c5 Rd1 45. Bc3 Kf7 46. c6 Rd8 47. Ba5 Rc8 48. c7 Ke6 49. Ba6 f5+ 50. Kf4 Ra8 51. c8=Q+ 1-0


[Site "https://www.chess.com"]

[Event "Titled Tuesday Blitz July 11 Late 2023"]
[White "Andreikin, Dmitry"]
[Black "Durarbayli, Vasif"]
[WhiteFideId "4158814"]
[BlackFideId "13402935"]
[WhiteElo "3011"]
[BlackElo "2923"]
[Result "1-0"]
[Round "7"]
[TimeControl "180+2"]
[Date "2023.07.11"]
[WhiteClock "0:00:13"]
[BlackClock "0:00:00"]
[Board "8"]

1. e4 c5 2. Nc3 Nc6 3. Bb5 Nd4 4. Nf3 e6 5. O-O Ne7 6. Re1 a6 7. Bf1 b5 8. Nxd4 cxd4 9. Ne2 Qb6 10. c3 dxc3 11. dxc3 Bb7 12. Be3 Qc7 13. Ng3 Ng6 14. Qh5 Be7 15. a4 bxa4 16. Rxa4 O-O 17. Qa5 Qb8 18. Ra2 d5 19. Bc5 dxe4 20. Nxe4 Bd5 21. c4 Bxe4 22. Rxe4 Bxc5 23. Qxc5 Rc8 24. Qa3 a5 25. h4 Ne5 26. h5 h6 27. Qe3 Nc6 28. Rg4 Kf8 29. Qc5+ Kg8 30. Qe3 Kf8 31. c5 Qe5 32. Qxe5 Nxe5 33. Rga4 Rxc5 34. b4 Rc1 35. Rxa5 Rb8 36. Rxe5 Rxb4 37. f3 Rbb1 38. Rf2 Ke7 39. g3 f5 40. Kg2 Kf6 41. f4 Re1 42. Rxe1 Rxe1 43. Re2 Rc1 44. Re3 Rc2+ 45. Kf3 Rc6 46. Re5 g5 47. Bd3 Rc3 48. Ke3 gxf4+ 49. gxf4 Ra3 50. Kd4 Ra8 51. Bc4 Rd8+ 52. Kc5 Rc8+ 53. Kb5 Rb8+ 54. Ka6 Re8 55. Kb7 1-0


[Site "https://www.chess.com"]

[Event "Titled Tuesday Blitz July 11 Late 2023"]
[White "Gordievsky, Dmitry"]
[Black "Bortnyk, Mykola"]
[WhiteFideId "24112798"]
[BlackFideId "14120836"]
[WhiteElo "2914"]
[BlackElo "2999"]
[Result "0-1"]
[Round "7"]
[TimeControl "180+2"]
[Date "2023.07.11"]
[WhiteClock "0:00:00"]
[BlackClock "0:00:14"]
[Board "9"]

1. Nf3 f5 2. g3 Nf6 3. Bg2 e6 4. O-O Be7 5. d4 d5 6. Nbd2 O-O 7. c4 c6 8. Ne5 Nbd7 9. Ndf3 Ne4 10. h4 a5 11. Bf4 a4 12. Rc1 Ndf6 13. Nd3 Bd7 14. c5 h6 15. Nfe5 g5 16. hxg5 hxg5 17. Nxd7 Nxd7 18. Be5 Bf6 19. e3 Qe8 20. g4 Qg6 21. f3 Bxe5 22. fxe4 Bg3 23. exf5 Qh6 24. Rf3 Qh2+ 25. Kf1 exf5 26. Rxf5 Nf6 27. Rxg5+ Kh8 28. Rf5 Ne4 29. Rc2 Qh4 30. Qf3 Kg7 31. Nf4 Bxf4 32. Rxf4 a3 33. b3 Rae8 34. Kg1 Ng5 35. Qf2 Qh7 36. Re2 Ne6 37. Rf5 Kg8 38. Qg3 Ng7 39. Rxf8+ Rxf8 40. Rf2 Qb1+ 41. Bf1 Re8 42. Qf4 Qg6 43. Bd3 Qe6 44. Rh2 Qxe3+ 45. Qxe3 Rxe3 46. Bf1 Ne6 47. Rd2 Re4 48. Kf2 Rf4+ 49. Ke1 Rxg4 50. Be2 Rxd4 0-1


[Site "https://www.chess.com"]

[Event "Titled Tuesday Blitz July 11 Late 2023"]
[White "Deac, Bogdan-Daniel"]
[Black "Rustemov, Alexander"]
[WhiteFideId "1226380"]
[BlackFideId "4119002"]
[WhiteElo "2995"]
[BlackElo "2912"]
[Result "1-0"]
[Round "7"]
[TimeControl "180+2"]
[Date "2023.07.11"]
[WhiteClock "0:00:10"]
[BlackClock "0:00:09"]
[Board "10"]

1. b3 d5 2. Bb2 Nf6 3. e3 Bf5 4. c4 c6 5. cxd5 cxd5 6. Bb5+ Bd7 7. Qe2 e6 8. Nf3 Be7 9. Ne5 O-O 10. Nxd7 Nbxd7 11. Qd1 a6 12. Be2 Rc8 13. O-O Bd6 14. Nc3 Qe7 15. a3 Rc7 16. b4 Nb6 17. d3 Rfc8 18. Qb3 d4 19. exd4 Nbd5 20. Ne4 b6 21. g3 h6 22. Bf3 Qd7 23. Rac1 Be7 24. Kg2 g6 25. Rxc7 Rxc7 26. Rc1 Kg7 27. Rc4 h5 28. Bc1 Ra7 29. Bd2 a5 30. b5 Rc7 31. a4 Qd8 32. h4 Qf8 33. Nxf6 Rxc4 34. Nxh5+ gxh5 35. dxc4 Bb4 36. Bg5 f6 37. Bc1 Ne7 38. Bxh5 Nf5 39. Bb2 Qd8 40. Qf3 Ne7 41. Qg4+ Kh7 42. Qxe6 Ng8 43. Qf7+ Kh8 44. Bg6 Qe7 45. Qxe7 Nxe7 46. Bd3 Kg7 47. f4 f5 48. d5+ Kf7 49. Bd4 Nc8 50. Bxf5 Nd6 51. Bd3 Bc5 52. Bxc5 bxc5 53. b6 1-0


[Site "https://www.chess.com"]

[Event "Titled Tuesday Blitz July 11 Late 2023"]
[White "Bok, Benjamin"]
[Black "Moroni, Luca Jr"]
[WhiteFideId "1017063"]
[BlackFideId "865834"]
[WhiteElo "2987"]
[BlackElo "2851"]
[Result "0-1"]
[Round "7"]
[TimeControl "180+2"]
[Date "2023.07.11"]
[WhiteClock "0:00:01"]
[BlackClock "0:00:22"]
[Board "11"]

1. d4 d5 2. c4 e6 3. Nc3 Nf6 4. cxd5 exd5 5. Bg5 c6 6. e3 h6 7. Bh4 Be6 8. Qb3 g5 9. Bg3 Qb6 10. Qc2 Nbd7 11. Bd3 Nh5 12. Nge2 Be7 13. O-O Nxg3 14. Nxg3 h5 15. Nf5 Bf8 16. a3 O-O-O 17. b4 Kb8 18. Na4 Qc7 19. Nc5 h4 20. Rfc1 g4 21. Rab1 g3 22. h3 Bxf5 23. Bxf5 Nxc5 24. bxc5 gxf2+ 25. Qxf2 Bh6 26. Rb3 Ka8 27. Rcb1 Rb8 28. Kh1 Rhe8 29. Qf3 Qe7 30. Re1 Qf6 31. Bd7 Qxf3 32. gxf3 Re7 33. Bf5 b6 34. e4 bxc5 35. Rxb8+ Kxb8 36. dxc5 d4 37. Rd1 Be3 38. Kg2 f6 39. Kf1 Rg7 40. Ke2 Kc7 41. Kd3 Rg2 42. Rb1 Rd2+ 43. Kc4 Rc2+ 44. Kd3 Rc3+ 45. Ke2 Rxa3 46. Be6 Rc3 47. Ra1 Kb8 48. Rb1+ Kc7 49. Ra1 Rxc5 50. Rxa7+ Kd6 51. Bg4 Rc2+ 52. Kd3 Rc3+ 53. Ke2 Bf4 54. Rd7+ Kc5 55. Rd8 Rc2+ 56. Kd1 Rh2 57. Ke1 Kc4 58. Kd1 Kd3 59. Ke1 Ke3 60. Kf1 d3 61. e5 fxe5 62. Bf5 Rf2+ 63. Kg1 Rd2 64. Kf1 c5 65. Be4 c4 66. Rc8 Rf2+ 67. Kg1 Rc2 68. Kf1 Rc1+ 69. Kg2 d2 70. Ra8 d1=Q 71. Ra3+ Qb3 72. Ra6 0-1


[Site "https://www.chess.com"]

[Event "Titled Tuesday Blitz July 11 Late 2023"]
[White "Maksimovic, Bojan"]
[Black "Maghsoodloo, Parham"]
[WhiteFideId "14408120"]
[BlackFideId "12539929"]
[WhiteElo "2847"]
[BlackElo "2981"]
[Result "1-0"]
[Round "7"]
[TimeControl "180+2"]
[Date "2023.07.11"]
[WhiteClock "0:00:04"]
[BlackClock "0:00:01"]
[Board "12"]

1. Nf3 Nf6 2. g3 b5 3. Bg2 Bb7 4. O-O e6 5. d3 d6 6. Nbd2 Nbd7 7. e4 c5 8. Re1 Be7 9. c3 O-O 10. a3 a5 11. a4 b4 12. c4 Ne5 13. Nxe5 dxe5 14. Nf3 Nd7 15. b3 f6 16. Bh3 Ra6 17. Bb2 Nb8 18. Qc2 Rd6 19. Rad1 Nc6 20. Bf1 Bc8 21. Re3 Bd7 22. Rde1 Be8 23. h4 Bh5 24. Bh3 Qe8 25. Nh2 h6 26. Bg4 Bxg4 27. Nxg4 Qd7 28. f3 Rd8 29. Nf2 h5 30. Qe2 Bf8 31. f4 Qf7 32. fxe5 fxe5 33. Rf3 Qg6 34. Kh2 Be7 35. Rf1 Rf8 36. Rxf8+ Bxf8 37. Nh3 Be7 38. Qe3 Rd8 39. Ng1 Qg4 40. Qf3 Qg6 41. Qe2 Rd7 42. Qf3 Qe8 43. Qe2 Bf6 44. Nf3 Rf7 45. Qe3 Be7 46. Kg2 Qf8 47. Qe2 Bf6 48. Bc1 g6 49. Be3 Be7 50. Qd2 Qd8 51. Rf2 Qd6 52. Qe2 Qd7 53. Rf1 Bf8 54. Ng5 Rxf1 55. Qxf1 Qe7 56. Qf2 Nd8 57. Qf1 Bh6 58. Qf2 Bf8 59. Kg1 Kg7 60. Nf3 Nc6 61. Qb2 Qc7 62. Kg2 Be7 63. Qd2 Kg8 64. Bg5 Qd7 65. Be3 Qd6 66. Qe2 Qd8 67. Bc1 Qd7 68. Bb2 Bf6 69. Qe3 Qe7 70. Qf2 Qd6 71. Qf1 Kg7 72. Qe2 Kg8 73. Kf1 Bg7 74. Ke1 Bh6 75. Qf1 Kg7 76. Ke2 Kg8 77. Qa1 Bg7 78. Qg1 Qe7 79. Bc1 Qd6 80. Be3 Bf8 81. Qf2 Qd7 82. Ng5 Qe7 83. Bxc5 Qe8 84. Be3 Be7 85. Kd2 Bxg5 86. hxg5 Qf8 87. Qxf8+ Kxf8 88. Ke2 Ke7 89. Bb6 Kd7 90. Ke3 Kc8 91. d4 exd4+ 92. Bxd4 Kb7 93. Bc5 Ne5 94. Be7 Nc6 95. Bf6 Kc7 96. Kd3 Kd7 97. c5 Nb8 98. Kc4 Kc6 99. Bd8 Nd7 100. Bxa5 Ne5+ 101. Kxb4 Nd3+ 102. Kc4 Nxc5 103. Be1 Nxe4 104. b4 Nxg5 105. b5+ Kb7 106. a5 Nf3 107. a6+ Ka8 108. Bf2 Ne5+ 109. Kd4 Nd7 110. Ke4 g5 111. b6 h4 112. b7+ Kb8 113. gxh4 gxh4 114. Kf3 h3 115. Bg3+ e5 116. Bf2 h2 117. Kg2 Nf6 118. Kxh2 Ne4 119. Be3 Nc3 120. Bc5 Ne4 121. Bb4 Ka7 122. Kg2 Nf6 123. Bc5+ Kxa6 124. b8=Q 1-0


[Site "https://www.chess.com"]

[Event "Titled Tuesday Blitz July 11 Late 2023"]
[White "Talibov, Shiroghlan"]
[Black "Kramnik, Vladimir"]
[WhiteFideId "13429078"]
[BlackFideId "4101588"]
[WhiteElo "2820"]
[BlackElo "2976"]
[Result "0-1"]
[Round "7"]
[TimeControl "180+2"]
[Date "2023.07.11"]
[WhiteClock "0:01:34"]
[BlackClock "0:02:14"]
[Board "13"]

1. e4 c5 2. Nf3 e6 3. d4 cxd4 4. Nxd4 Nf6 5. Nc3 Nc6 6. Ndb5 d6 7. Bf4 e5 8. Bg5 a6 9. Na3 b5 10. Bxf6 gxf6 11. Nd5 f5 12. c3 Bg7 13. Bd3 Be6 14. Qf3 Bxd5 15. exd5 e4 16. Qxf5 exd3 17. dxc6 Qe7+ 18. Kf1 Qe2+ 19. Kg1 O-O 20. Rb1 d2 0-1


[Site "https://www.chess.com"]

[Event "Titled Tuesday Blitz July 11 Late 2023"]
[White "Weishaeutel, Moritz"]
[Black "Shimanov, Aleksandr"]
[WhiteFideId "12967300"]
[BlackFideId "4198603"]
[WhiteElo "2648"]
[BlackElo "2934"]
[Result "0-1"]
[Round "7"]
[TimeControl "180+2"]
[Date "2023.07.11"]
[WhiteClock "0:00:00"]
[BlackClock "0:00:29"]
[Board "14"]

1. e4 e6 2. d4 d5 3. exd5 exd5 4. Nf3 c5 5. Bb5+ Nc6 6. O-O Bd6 7. dxc5 Bxc5 8. Nbd2 Ne7 9. Nb3 Bb6 10. c3 O-O 11. h3 Nf5 12. Bg5 Qd6 13. Qd2 Qg6 14. Bd3 h6 15. Nh4 Qxg5 16. Qxg5 hxg5 17. Nxf5 g6 18. Nd6 Ne5 19. Nxc8 Raxc8 20. Rad1 Rfd8 21. Rfe1 Nc4 22. Re2 Kf8 23. Rde1 Rd6 24. g3 Rf6 25. Kg2 Rd8 26. Rd1 Rfd6 27. Bxc4 dxc4 28. Rxd6 Rxd6 29. Nd2 Rc6 30. Nf3 Bd8 31. Ne5 Rc7 32. Rd2 Ke8 33. Rd4 b5 34. Rd5 Rb7 35. Nc6 Bf6 36. Nd4 Bxd4 37. Rxd4 Ke7 38. Rd5 f6 39. Kf3 Ke6 40. Rd8 Rh7 41. Rb8 a6 42. Rb6+ Ke5 43. Rxa6 Rb7 44. a4 bxa4 45. Rxa4 Kd5 46. Ra5+ Kc6 47. Ra6+ Kc5 48. Rxf6 Rxb2 49. Rxg6 Rc2 50. Rxg5+ Kc6 51. h4 Rxc3+ 52. Kg2 Rd3 53. Rg4 Kc5 54. h5 c3 55. Rg8 Rd6 56. Rc8+ Kb4 57. g4 Kb3 58. Kg3 c2 59. g5 Rd3+ 60. f3 Rc3 61. Rxc3+ Kxc3 62. h6 c1=Q 63. h7 Qxg5+ 0-1


[Site "https://www.chess.com"]

[Event "Titled Tuesday Blitz July 11 Late 2023"]
[White "Nepomniachtchi, Ian"]
[Black "Perez Ponsa, Federico"]
[WhiteFideId "4168119"]
[BlackFideId "117927"]
[WhiteElo "3097"]
[BlackElo "2808"]
[Result "0-1"]
[Round "7"]
[TimeControl "180+2"]
[Date "2023.07.11"]
[WhiteClock "0:00:00"]
[BlackClock "0:01:04"]
[Board "15"]

1. e4 c6 2. b3 d5 3. Bb2 dxe4 4. Nc3 Nf6 5. Qe2 Bf5 6. O-O-O e6 7. h3 h5 8. f3 exf3 9. Nxf3 Nbd7 10. Nh4 Bh7 11. g4 Qa5 12. Qg2 hxg4 13. hxg4 g5 14. Nf3 O-O-O 15. Bd3 Ba3 16. Bxh7 Rxh7 17. Rhf1 Rdh8 18. Kb1 Bxb2 19. Kxb2 Nd5 20. Qg3 f6 21. Ne4 Qc7 22. Qg1 Kb8 23. Kb1 Rh3 24. Nd4 Qe5 25. Nf2 Rg3 26. Nd3 Rxg1 27. Nxe5 Rxf1 28. Nxd7+ Kc7 29. Rxf1 Kxd7 30. c4 Nf4 31. Kc2 Rh4 32. Rg1 Ng6 33. Nf3 Rh3 34. Rf1 Rg3 35. Rh1 Rxf3 0-1


[Site "https://www.chess.com"]

[Event "Titled Tuesday Blitz July 11 Late 2023"]
[White "Bluebaum, Matthias"]
[Black "Kadric, Denis"]
[WhiteFideId "24651516"]
[BlackFideId "14403803"]
[WhiteElo "3039"]
[BlackElo "2787"]
[Result "1-0"]
[Round "7"]
[TimeControl "180+2"]
[Date "2023.07.11"]
[WhiteClock "0:00:35"]
[BlackClock "0:00:09"]
[Board "16"]

1. d4 d6 2. Nf3 Nf6 3. c4 Nbd7 4. Nc3 e5 5. Bg5 h6 6. Bh4 Be7 7. e3 c6 8. Qc2 O-O 9. Be2 exd4 10. Nxd4 Re8 11. O-O Nc5 12. Bg3 Bf8 13. h3 Nfe4 14. Nxe4 Nxe4 15. Bh2 Qg5 16. Kh1 Qh4 17. Bd3 Nc5 18. Bh7+ Kh8 19. Bf5 g6 20. Bxc8 Raxc8 21. Rad1 Rcd8 22. b4 Ne4 23. Nf3 Qe7 24. Kg1 Bg7 25. Rd3 Rd7 26. Rfd1 Red8 27. Nd2 f5 28. Nxe4 Qxe4 29. Qb3 d5 30. cxd5 Rxd5 31. Rxd5 Rxd5 32. Rxd5 Qxd5 33. Qxd5 cxd5 34. Kf1 b5 35. Ke2 Bf8 36. Kd3 Bg7 37. Bb8 a6 38. f4 Kg8 39. Be5 Bf8 40. Kd4 Bxb4 41. Kxd5 Kf7 42. Bd4 g5 43. fxg5 hxg5 44. g4 Kg6 45. gxf5+ Kxf5 46. e4+ Kf4 47. e5 Kg3 48. e6 Kxh3 49. Bc5 Bxc5 50. Kxc5 g4 51. e7 g3 52. e8=Q g2 53. Qh5+ 1-0


[Site "https://www.chess.com"]

[Event "Titled Tuesday Blitz July 11 Late 2023"]
[White "Oro, Faustino"]
[Black "Oparin, Grigoriy"]
[WhiteFideId "20000197"]
[BlackFideId "24125890"]
[WhiteElo "2739"]
[BlackElo "2981"]
[Result "0-1"]
[Round "7"]
[TimeControl "180+2"]
[Date "2023.07.11"]
[WhiteClock "0:00:02"]
[BlackClock "0:00:10"]
[Board "17"]

1. e4 c5 2. Nf3 Nc6 3. Bb5 e6 4. O-O Nge7 5. c3 a6 6. Ba4 b5 7. Bc2 c4 8. b3 Ng6 9. d4 cxd3 10. Bxd3 Bb7 11. Be3 Be7 12. Nbd2 O-O 13. Rc1 d6 14. Qe2 Qc7 15. Rfd1 Rac8 16. Nf1 Rfd8 17. Bb1 Nce5 18. Nd4 Nd7 19. f4 Nf6 20. Ng3 Bf8 21. f5 exf5 22. Ndxf5 Ne5 23. Bd4 g6 24. Ne3 Bg7 25. Rf1 h5 26. Qf2 Nfg4 27. Nxg4 Nxg4 28. Qf4 Qe7 29. h3 Bh6 30. Qf3 Ne5 31. Qf2 Bxc1 32. Rxc1 f6 33. Ne2 Qg7 34. Nf4 Re8 35. Rf1 Rc7 36. Qg3 h4 37. Qf2 Rf7 38. Bc2 a5 39. c4 b4 40. Bb1 Bc6 41. c5 dxc5 42. Bxc5 Qh6 43. Bd4 g5 44. Nd5 Bxd5 45. exd5 Ng6 46. Bf5 Nf4 47. d6 Qf8 48. Bc5 Rd8 49. d7 Qg7 50. Rd1 Rfxd7 51. Bxd7 Rxd7 52. Re1 Qg6 53. Qf3 Kh7 54. Qa8 Qf7 55. Re8 Qd5 56. Rh8+ Kg6 57. Qf8 Qxg2# 0-1


[Site "https://www.chess.com"]

[Event "Titled Tuesday Blitz July 11 Late 2023"]
[White "Kollars, Dmitrij"]
[Black "Matinian, Nikita"]
[WhiteFideId "12909572"]
[BlackFideId "24129100"]
[WhiteElo "2972"]
[BlackElo "2698"]
[Result "0-1"]
[Round "7"]
[TimeControl "180+2"]
[Date "2023.07.11"]
[WhiteClock "0:00:03"]
[BlackClock "0:01:21"]
[Board "18"]

1. e4 c5 2. Nf3 d6 3. Bb5+ Nd7 4. c4 e5 5. Nc3 g6 6. d3 Bg7 7. Rb1 Ne7 8. b4 b6 9. O-O O-O 10. h3 f5 11. Bg5 Nf6 12. bxc5 bxc5 13. Nd5 Nexd5 14. exd5 a6 15. Bc6 Ra7 16. Rb8 h6 17. Bd2 g5 18. Qb3 e4 19. dxe4 Nxe4 20. Be1 g4 21. Nd2 Ng5 22. hxg4 fxg4 23. Bb7 Rxb7 24. Rxb7 Bxb7 25. Qxb7 Bd4 26. Nb3 Nf3+ 27. gxf3 gxf3 28. Bd2 Qh4 29. Qd7 Qg3+ 30. Kh1 Qg2# 0-1


[Site "https://www.chess.com"]

[Event "Titled Tuesday Blitz July 11 Late 2023"]
[White "Chigaev, Maksim"]
[Black "Lavrik, Dmitry"]
[WhiteFideId "4108116"]
[BlackFideId "24113190"]
[WhiteElo "2959"]
[BlackElo "2695"]
[Result "1-0"]
[Round "7"]
[TimeControl "180+2"]
[Date "2023.07.11"]
[WhiteClock "0:00:03"]
[BlackClock "0:00:03"]
[Board "19"]

1. e4 c5 2. b3 Nc6 3. Bb2 e5 4. Bc4 d6 5. Ne2 g6 6. O-O Bg7 7. f4 Nf6 8. d3 O-O 9. Nbc3 Bg4 10. Qd2 Nd4 11. Ng3 Rb8 12. a4 Be6 13. f5 Bxc4 14. bxc4 a6 15. a5 b5 16. axb6 Rxb6 17. Bc1 Ng4 18. Nge2 Bh6 19. Qd1 Qh4 20. h3 Ne3 21. Bxe3 Bxe3+ 22. Kh1 Bh6 23. Nxd4 exd4 24. Nd5 Rb7 25. Rxa6 Rfb8 26. Rxd6 Bg7 27. Rc6 Be5 28. Qf3 Rb1 29. Rc8+ Kg7 30. Rxb8 Rxf1+ 31. Qxf1 Bxb8 32. f6+ Kf8 33. Qg1 Qg3 34. Nb6 Ke8 35. Na4 Bd6 36. Nb6 Kd8 37. Nd5 Be5 38. Nb6 g5 39. Na4 Bd6 40. e5 Qxe5 41. g3 Qxf6 42. Qg2 Ke7 43. Nb6 Kf8 44. Nd7+ 1-0


[Site "https://www.chess.com"]

[Event "Titled Tuesday Blitz July 11 Late 2023"]
[White "Pranav, V"]
[Black "Bolourchifard, Farzad"]
[WhiteFideId "25060783"]
[BlackFideId "12510084"]
[WhiteElo "2958"]
[BlackElo "2674"]
[Result "0-1"]
[Round "7"]
[TimeControl "180+2"]
[Date "2023.07.11"]
[WhiteClock "0:00:12"]
[BlackClock "0:00:20"]
[Board "20"]

1. e4 e5 2. Nf3 Nc6 3. Bb5 a6 4. Ba4 Nf6 5. O-O b5 6. Bb3 Bc5 7. c3 d6 8. d4 Bb6 9. a4 Bb7 10. Re1 h6 11. h3 O-O 12. Na3 Re8 13. d5 Ne7 14. Bd2 c6 15. axb5 axb5 16. dxc6 Bxc6 17. Qc2 Qc7 18. Qd3 Qb7 19. Qxd6 Nxe4 20. Rxe4 Bxe4 21. Nxe5 Nf5 22. Bxf7+ Kh8 23. Ng6+ Kh7 24. Qf4 Qxf7 25. Ne5 Qe6 26. Ng4 Bb7 27. Re1 Qg6 28. g3 Rxe1+ 29. Bxe1 Rf8 30. Qb4 Qc6 31. Kf1 Nxg3+ 32. Kg1 Qg2# 0-1


[Site "https://www.chess.com"]

[Event "Titled Tuesday Blitz July 11 Late 2023"]
[White "Zhigalko, Sergei"]
[Black "Martinez Ramirez, Lennis"]
[WhiteFideId "13502956"]
[BlackFideId "3509079"]
[WhiteElo "2884"]
[BlackElo "2656"]
[Result "1-0"]
[Round "7"]
[TimeControl "180+2"]
[Date "2023.07.11"]
[WhiteClock "0:00:08"]
[BlackClock "0:00:27"]
[Board "21"]

1. e4 c5 2. Nf3 Nc6 3. c3 Nf6 4. e5 Nd5 5. Bc4 Nb6 6. Bb3 d6 7. exd6 Qxd6 8. O-O Be6 9. Bxe6 Qxe6 10. a4 a6 11. d4 cxd4 12. a5 Nd5 13. Nxd4 Nxd4 14. Qxd4 Rd8 15. Rd1 Qd7 16. Qh4 Qc6 17. c4 Nf6 18. Rxd8+ Kxd8 19. Nc3 e6 20. Bf4 Bb4 21. Be5 Be7 22. Qd4+ Ke8 23. Rd1 h5 24. b4 Kf8 25. b5 Qc8 26. Ne4 Rh6 27. Nd6 Qa8 28. b6 Kg8 29. c5 Rg6 30. c6 bxc6 31. b7 Qb8 32. Qb6 Nd7 33. Qxc6 Nxe5 34. Qc8+ Qxc8 35. bxc8=Q+ Kh7 36. h3 Nf3+ 37. Kh1 Bxd6 38. Rxd6 Nh4 39. g3 Nf5 40. Rd1 Nh6 41. Qc2 f5 42. Rd6 Rf6 43. Rxa6 h4 44. gxh4 Nf7 45. Rc6 Ne5 46. a6 Nxc6 47. Qxc6 e5 48. Qxf6 gxf6 49. a7 Kg6 50. a8=Q Kh5 51. Qg8 Kxh4 52. Qg6 Kxh3 53. Qxf5+ Kh4 54. Qxf6+ Kh3 55. Qxe5 Kg4 56. Qg3+ Kf5 57. Kg2 Ke4 58. Qf3+ Kd4 59. Kg3 Kc5 60. Qe4 Kb5 61. f4 Kc5 62. f5 Kd6 63. Kf4 Kd7 64. Qe6+ Kc7 65. f6 Kb7 66. Kg5 Ka7 67. Kg6 Kb7 68. Qe7+ Kc6 69. Qe5 Kd7 70. f7 Kc6 71. Kg7 Kb7 72. f8=Q Kb6 73. Qff6+ Kb7 74. Qeg5 Kc8 75. Kf7 Kb8 76. Qe7 Kc8 77. Kf8 Kb8 78. Qg8 Ka8 79. Kf7# 1-0


[Site "https://www.chess.com"]

[Event "Titled Tuesday Blitz July 11 Late 2023"]
[White "Srinath, Rao S.V."]
[Black "Dardha, Daniel"]
[WhiteFideId "5028876"]
[BlackFideId "240990"]
[WhiteElo "2577"]
[BlackElo "2872"]
[Result "0-1"]
[Round "7"]
[TimeControl "180+2"]
[Date "2023.07.11"]
[WhiteClock "0:00:08"]
[BlackClock "0:00:32"]
[Board "22"]

1. e4 a6 2. d4 c6 3. Bd3 d5 4. e5 g6 5. h4 c5 6. c3 Nc6 7. Ne2 f6 8. h5 g5 9. Qc2 fxe5 10. Bxh7 Nf6 11. Bg6+ Kd7 12. dxe5 Nxe5 13. Bxg5 Nxg6 14. Qxg6 Rg8 15. Qf5+ Kc6 16. Qf4 Ne4 17. Bh4 Rxg2 18. f3 Bh6 19. Qxh6+ Nd6 20. Nd2 Bf5 21. Qe3 Qb6 22. b4 d4 23. cxd4 Qxb4 24. dxc5 Nc4 25. Qh6+ e6 26. a3 Qb2 27. Rd1 Qe5 28. Ne4 Bxe4 29. fxe4 Qxe4 30. Rd2 Nxd2 31. Qxd2 Rxe2+ 32. Qxe2 Qxh1+ 0-1


[Site "https://www.chess.com"]